 Dungeon Crawl Stone Soup version 0.24.0-125-gc4c63601f3 (webtiles) character file.

Game seed: 1710639507335893613, levelgen mode: deterministic

368 Adamkad1 the Cudgeler (level 6, -16/59 HPs)
             Began as a Troll Berserker on Mar 14, 2020.
             Was a Priest of Trog.
             Demolished by an ogre
             ... wielding a +0 giant club
              (21 damage)
             ... on level 4 of the Dungeon.
             The game lasted 00:02:48 (2711 turns).

Adamkad1 the Cudgeler (Troll Berserker)             Turns: 2711, Time: 00:02:49

Health: -16/59     AC:  6    Str: 28    XL:     6   Next: 41%
Magic:  5/5        EV: 10    Int:  3    God:    Trog [***...]
Gold:   152        SH:  0    Dex:  9    Spells: 5/5 levels left

rFire    . . .     SeeInvis .   a - +0 mace
rCold    . . .     Gourm    +   (no shield)
rNeg     . . .     Faith    .   b - +0 animal skin
rPois    .         Spirit   .   (helmet restricted)
rElec    .         Reflect  .   (no cloak)
rCorr    .         Harm     .   (gloves unavailable)
MR       .....                  (boots unavailable)
Stlth    +.........             (no amulet)
HPRegen  0.59/turn              (no ring)
MPRegen  0.09/turn              (no ring)

@: no status effects
A: large, unfitting armour, claws 3, fast metabolism 3, gourmand, regeneration
1, shaggy fur 1, tough skin 3
a: Berserk, Trog's Hand, Renounce Religion


You were on level 4 of the Dungeon.
You worshipped Trog.
Trog was most pleased with you.
You were full.

You visited 1 branch of the dungeon, and saw 4 of its levels.

You collected 152 gold pieces.

Inventory:

Hand Weapons
 a - a +0 mace (weapon)
Missiles
 h - 4 atropa-tipped darts (quivered)
 k - 6 boomerangs
 s - 6 curare-tipped darts
Armour
 b - a +0 animal skin (worn)
Scrolls
 d - 5 scrolls of identify {unknown}
 e - a scroll of amnesia {unknown}
 i - a scroll of enchant weapon {unknown}
 j - a scroll of magic mapping {unknown}
 m - 3 scrolls of teleportation {unknown}
Potions
 f - a potion of invisibility {unknown}
 g - a potion of resistance {unknown}
 l - a potion of agility {unknown}
 n - 2 potions of berserk rage {unknown}
 o - 3 potions of haste {unknown}
 p - 2 potions of magic {unknown}
 q - a potion of ambrosia {unknown}
 r - a potion of curing {unknown}
 t - 2 potions of lignification {unknown}
 u - a potion of brilliance {unknown}
Comestibles
 c - 6 rations


   Skills:
 - Level 2.9 Fighting
 * Level 6.2 Maces & Flails
 - Level 2.8 Dodging


You had 5 spell levels left.
You didn't know any spells.
Your spell library was empty.

Dungeon Overview and Level Annotations

Branches:
Dungeon (4/15)             Temple (0/1) D:4

Altars:

Shops:
D:4 *


Innate Abilities, Weirdness & Mutations

You are too large for most types of armour.
You have claws for hands.
Your metabolism is lightning-fast.
You like to eat raw meat.
Your natural rate of healing is unusually fast.
You are covered in fur. (AC +1)
You have extremely tough skin. (AC +3)


Message History

You hit the ogre.
The ogre is heavily wounded.
The ogre hits you with a +0 giant club!
You sock the ogre!
The ogre is severely wounded.
The ogre hits you with a +0 giant club!!
Ouch! That really hurt!
* * * LOW HITPOINT WARNING * * *
You hit the ogre but do no damage.
The ogre is severely wounded.
The ogre barely misses you.
You hit the ogre.
The ogre is almost dead.
You hit the ogre but do no damage.
The ogre is almost dead.
The ogre closely misses you.
You hit the ogre.
The ogre is almost dead.
The ogre hits you with a +0 giant club!!
You die...

##..# ###..##
##..####...##
#....##....# .
#..........# ..
#..........#
...##....####.....
.........######....
....................
<......@..P.........
.......O.P∩P... ....
.........PPP...
...............
...............
...............
...............
...............


You could see an ogre.

Vanquished Creatures
  Sigmund (D:2)
  An orc wizard (D:3)
  A centaur skeleton (D:4)
  A worker ant (D:4)
  A gnoll (D:1)
  3 adders
  2 worms
  2 dart slugs
  3 leopard geckos
  4 orcs (D:3)
  A ball python (D:4)
  7 bats
  4 giant cockroaches
  7 goblins
  9 hobgoblins
  4 jackals (D:2)
  9 kobolds
  A quokka (D:2)
  8 frilled lizards
  9 rats
78 creatures vanquished.

Notes
Turn   | Place    | Note
-------+----------+-------------------------------------------
     0 | D:1      | Adamkad1 the Troll Berserker began the quest for the Orb.
     0 | D:1      | Reached XP level 1. HP: 22/22 MP: 0/0
    59 | D:1      | Reached XP level 2. HP: 12/29 MP: 1/1
   158 | D:1      | Reached skill level 3 in Maces & Flails
   367 | D:1      | Reached ** piety under Trog
   429 | D:1      | Reached XP level 3. HP: 24/36 MP: 2/2
   907 | D:2      | Noticed Sigmund
   926 | D:2      | Killed Sigmund
   926 | D:2      | Reached skill level 5 in Maces & Flails
   926 | D:2      | Reached XP level 4. HP: 3/44 MP: 3/3
   926 | D:2      | Reached XP level 5. HP: 4/52 MP: 4/4
  2044 | D:3      | Reached XP level 6. HP: 57/59 MP: 5/5
  2061 | D:3      | Reached *** piety under Trog
  2449 | D:4      | Found a staircase to the Ecumenical Temple.
  2527 | D:4      | Reached skill level 6 in Maces & Flails
  2696 | D:4      | Found Zaiqafem's Assorted Antiques.
  2707 | D:4      | HP: 2/59 [ogre/+0 giant club (30)]
  2711 | D:4      | Demolished by an ogre

Levels and vault maps discovered:
D:1:      lightli_arrival_noodles, layout_basic
D:2:      layout_loops_ring, minmay_indecisive_spiral, uniq_sigmund
D:3:      layout_basic, serial_bayou_lagoon_a, minmay_liquid_box
D:4:      layout_layer_cave, minmay_temple_entry_wispy, serial_shops,
          nicolae_shop_overgrown_old_shop

Skill      XL: |  1  2  3  4  5  6 |
---------------+-------------------+-----
Maces & Flails | 3 5 6 |  6.2
Fighting       | |  2.9
Dodging        | |  2.8

Action                   |  1- 3 |  4- 6 || total
-------------------------+-------+-------++-------
Melee: Mace              |   156 |   148 ||   304
Invok: Berserk           |     1 |       ||     1
  Eat: Chunk             |    14 |    15 ||    29
Armor: Animal skin       |    64 |    47 ||   111
Dodge: Dodged            |    99 |    74 ||   173
